AoeStats
← aramanis5760

Arena

509183956Analyzed
4v4 RM · 7d ago on Sep 25, 2026· 47m 22s· 8 players
Game mode
Random Map
Map size
Large (8 player)
Population
200
Speed
Normal
Resources
Standard
Victory
Conquest
Starting age
Dark Age
Ending age
Imperial Age
RankedLock teamsTeams togetherTeam positionsShared explorationLock speedFull tech treeHidden civsTurbo modeCheats
Victory
Defeat
🇨🇴 Varangians · Colombia
1026
+15
🇺🇸 Burmese · United States
1007
+16
🇪🇸 Khitans · Spain
982
+17
🇧🇪 Goths · Belgium
970
+17
🇦🇿 Hindustanis · Azerbaijan
1045
-18
🇦🇿 Vietnamese · Azerbaijan
1038
-18
🇦🇷 Bohemians · Argentina
969
-15
🇪🇸 Goths · Spain
941
-14
JAF23
0:42 Loom
10:58 Feudal Age
12:13 Horse Collar
17:50 Castle Age
16:53 Gold Mining
18:04 Stone Mining
18:43 Heavy Plow
21:04 Gold Shaft Mining
23:27 Forging
23:23 Scale Barding Armor
24:45 Iron Casting
26:07 Bloodlines
27:21 Chain Barding Armor
29:31 Wheelbarrow
34:15 Imperial Age
33:18 Hand Cart
33:16 Husbandry
36:16 Blast Furnace
36:46 Plate Barding Armor
36:45 Cavalier
37:48 Elite Arambai
43:41 Manipur Cavalry
ckookies__
10:33 Feudal Age
8:49 Loom
11:05 Loom
14:00 Castle Age
14:40 Horse Collar
18:45 Double-Bit Axe
26:37 Gold Mining
31:25 Imperial Age
31:32 Imperial Age
29:23 Bow Saw
29:50 Bloodlines
30:28 Wheelbarrow
29:41 Town Watch
30:55 Scale Barding Armor
31:07 Husbandry
31:44 Heavy Plow
31:59 Forging
32:45 Hand Cart
33:32 Conscription
33:25 Stone Mining
34:18 Chain Barding Armor
35:34 Chemistry
34:47 Masonry
36:01 Iron Casting
36:02 Plate Barding Armor
35:25 Elite Jarl
36:45 Ballistics
39:00 Architecture
43:09 Blast Furnace
42:02 Fletching
42:22 Siege Engineers
42:13 Murder Holes
45:07 Fervor
45:12 Bodkin Arrow
46:32 Caravan
47:35 Town Patrol
BB8theBall
11:30 Feudal Age
15:06 Castle Age
13:09 Double-Bit Axe
13:08 Domestication
16:22 Bow Saw
17:12 Wheelbarrow
19:24 Pastoralism
19:59 Loom
23:30 Hand Cart
23:17 Gold Mining
23:18 Stone Mining
24:44 Fervor
26:29 Stone Shaft Mining
28:37 Imperial Age
25:57 Town Watch
27:35 Treadmill Crane
27:51 Fletching
28:03 Scale Mail Armor
28:14 Forging
28:14 Town Patrol
28:10 Arson
28:25 Squires
28:57 Husbandry
30:19 Chemistry
29:06 Elite Fire Lancer
30:18 Chain Mail Armor
30:38 Iron Casting
29:59 Bodkin Arrow
30:24 Guilds
31:15 Two-Man Saw
31:01 Transhumance
31:57 Ballistics
32:10 Plate Mail Armor
32:58 Sanctity
32:28 Capped Ram
34:22 Scale Barding Armor
34:47 Siege Engineers
34:53 Masonry
34:39 Murder Holes
35:53 Bracer
35:54 Padded Archer Armor
36:15 Chain Barding Armor
36:08 Fortified Wall
36:35 Conscription
36:24 Lamellar Armor
36:25 Ordo Cavalry
36:18 Siege Ram
36:32 Elite Skirmisher
37:12 Elite Liao Dao
38:58 Leather Archer Armor
39:19 Plate Barding Armor
40:23 Thumb Ring
43:51 Coinage
43:22 Caravan
44:11 Ring Archer Armor
43:35 Heated Shot
43:35 Guard Tower
43:56 Clinker Construction
43:57 Careening
43:50 Atonement
44:15 Illumination
43:50 Devotion
45:57 Theocracy
45:58 Banking
47:15 Carvel Hull
47:19 Faith
47:19 Heresy
aramanis5760
10:58 Feudal Age
15:20 Castle Age
13:29 Horse Collar
14:14 Double-Bit Axe
17:13 Bow Saw
21:33 Wheelbarrow
22:47 Loom
23:38 Anarchy
23:41 Pikeman
26:19 Squires
32:44 Hand Cart
32:35 Gold Mining
41:57 Imperial Age
39:48 Forging
39:39 Scale Mail Armor
40:20 Heavy Plow
40:34 Anarchy
41:58 Elite Huskarl
42:39 Perfusion
43:00 Conscription
43:20 Iron Casting
43:00 Chain Mail Armor
45:11 Blast Furnace
46:48 Halberdier
LEG_VII_GEM
0:44 Loom
10:22 Feudal Age
11:04 Double-Bit Axe
11:02 Horse Collar
18:17 Castle Age
21:16 Fletching
22:27 Wheelbarrow
21:55 Gold Mining
24:28 Heavy Plow
32:00 Imperial Age
29:39 Stone Mining
30:58 Stone Shaft Mining
31:00 Bow Saw
31:32 Hand Cart
31:35 Elite Skirmisher
33:49 Chemistry
34:55 Crop Rotation
35:32 Two-Man Saw
34:20 Elite Huskarl
35:54 Squires
36:17 Conscription
35:58 Anarchy
36:28 Scale Mail Armor
36:38 Forging
36:08 Capped Ram
37:23 Pikeman
41:23 Padded Archer Armor
41:19 Bodkin Arrow
41:24 Halberdier
42:24 Imperial Skirmisher
ZaZa
10:57 Feudal Age
16:39 Castle Age
14:54 Double-Bit Axe
14:53 Horse Collar
16:41 Crossbowman
18:55 Ballistics
18:56 Fletching
22:12 Wheelbarrow
23:35 Thumb Ring
24:46 Bodkin Arrow
24:51 Padded Archer Armor
26:49 Bow Saw
29:42 Hand Cart
29:48 Heavy Plow
32:32 Stone Mining
37:00 Imperial Age
34:25 Gold Mining
34:24 Loom
35:50 Stone Shaft Mining
37:27 Town Watch
37:20 Arbalester
39:03 Bracer
39:19 Leather Archer Armor
39:26 Paper Money
40:01 Crop Rotation
40:10 Bloodlines
40:07 Husbandry
41:19 Ring Archer Armor
40:55 Squires
41:58 Chemistry
41:10 Fortified Wall
40:43 Treadmill Crane
41:14 Elite Battle Elephant
42:57 Chatras
45:21 Forging
47:51 Iron Casting
47:22 Scale Barding Armor
ziko
11:05 Feudal Age
15:02 Castle Age
26:34 Double-Bit Axe
26:48 Horse Collar
29:40 Bow Saw
30:33 Wheelbarrow
31:07 Heavy Plow
36:01 Gold Mining
39:02 Imperial Age
36:49 Hand Cart
38:45 Gold Shaft Mining
39:52 Scale Barding Armor
41:18 Chain Barding Armor
42:03 Husbandry
42:15 Bloodlines
42:05 Heavy Camel Rider
44:01 Plate Barding Armor
44:14 Conscription
DUNCAN
3:54 Loom
9:22 Feudal Age
9:57 Double-Bit Axe
16:38 Castle Age
18:18 Bow Saw
17:51 Horse Collar
24:27 Heavy Plow
26:56 Chemistry
30:04 Imperial Age
28:15 Padded Archer Armor
29:55 Chemistry
30:27 Ballistics
Connection lost

Rejoining the realm…

Still unreachable

The connection could not be restored.

Session expired

The server has moved on; the page needs a fresh start.